[Event "IV Elllobregat Open Chess Tmnt"]
[Site "Sant Boi de Llobregat, Spain"]
[Date "2023.12.01"]
[Round "2.10"]
[White "Aditya, Mittal"]
[Black "Narciso Dublan, Marc"]
[Result "1-0"]
[TimeControl "90min/40moves + 15min/end + 30sec from move 1"]
[WhiteFideId "35042025"]
[BlackFideId "2201500"]
[WhiteElo "2577"]
[BlackElo "2413"]

1. e4 e6 2. d4 d5 3. Nc3 Bb4 4. e5 c5 5. a3 Bxc3+ 6. bxc3 Nc6 7. Qg4 g6 8. Qf4 Qa5 9. Bd2 c4 10.
a4 Bd7 11. h4 h6 12. Ne2 Rh7 13. g4 O-O-O 14. Bg2 Rf8 15. h5 g5 16. Qg3 Nge7 17. O-O Rg8 18. Bc1 Kb8 19. f4 gxf4 20.
Rxf4 Rgg7 21. Rf6 Ng8 22. Ba3 Ka8 23. Rff1 Qd8 24. Rf4 a5 25. Qf2 Na7 26. Ng3 Bxa4 27. Nf1 Bc6 28. Ne3 b6 29.
Rb1 Ne7 30. Qf1 Nec8 31. Rf6 b5 32. Qf4 Nb6 33. Rxh6 Na4 34. Qf6 Qg8 35. Rxh7 Rxh7 36. Ra1 Nxc3 37. Bd6 a4 38. Kf2 Qc8 39.
h6 Bb7 40. Bb4 Ne4+ 41. Bxe4 dxe4 42. g5 Nc6 43. Bc5 Nb8 44. Qe7 Qg8 45. Nxc4 e3+ 46. Ke2 1-0

[Event "IV Elllobregat Open Chess Tmnt"]
[Site "Sant Boi de Llobregat, Spain"]
[Date "2023.12.01"]
[Round "2.11"]
[White "Bronstein, Or"]
[Black "Laurusas, Tomas"]
[Result "1/2-1/2"]
[TimeControl "90min/40moves + 15min/end + 30sec from move 1"]
[WhiteFideId "2815770"]
[BlackFideId "12803731"]
[WhiteElo "2428"]
[BlackElo "2566"]

1. d4 Nf6 2. c4 c6 3. Nf3 d5 4. e3 Bf5 5. Nc3 e6 6. Nh4 Be4 7. f3 Bg6 8. Bd2 Be7 9. Nxg6 hxg6 10.
Qb3 Qb6 11. O-O-O Qxb3 12. axb3 Nbd7 13. Kc2 O-O 14. h4 Rac8 15. g4 Rfd8 16. Ra1 a6 17. c5 Ne8 18. f4 f5 19. g5 Kf7 20.
Be2 Nc7 21. Rh3 Rh8 22. Rah1 Rh5 23. Bxh5 gxh5 24. Ne2 g6 25. Ba5 Nb5 26. Ra1 Ke8 27. Rhh1 Kf7 28. Rhc1 Ke8 29. Kd3 Bd8 30.
Be1 Bc7 31. Ra4 Kd8 32. Rca1 Nb8 33. Nc1 Nd7 34. Kc2 Nb8 35. Nd3 Nd7 36. Bc3 Ke7 37. Ba5 Bxa5 38. Rxa5 Kd8 39. R5a2 Kc7 40.
Nc1 Rg8 41. Ne2 Rh8 42. Nc3 Nb8 43. Kd2 Rd8 44. Na4 Nd7 45. Rc1 Rg8 46. Nc3 Na7 47. Raa1 Rd8 48. Na2 Nb5 49. Nb4 Rf8 50.
Ra4 Rd8 51. Nd3 Rf8 52. Rca1 1/2-1/2

[Event "IV Elllobregat Open Chess Tmnt"]
[Site "Sant Boi de Llobregat, Spain"]
[Date "2023.12.01"]
[Round "2.12"]
[White "Asadli, Vugar"]
[Black "Abdurakhmonov, Mukhammadali"]
[Result "1-0"]
[TimeControl "90min/40moves + 15min/end + 30sec from move 1"]
[WhiteFideId "13405764"]
[BlackFideId "14207346"]
[WhiteElo "2562"]
[BlackElo "2409"]

1. e4 c5 2. Nf3 Nc6 3. d4 cxd4 4. Nxd4 e6 5. Nc3 Qc7 6. Be3 Nf6 7. Ndb5 Qb8 8. f4 a6 9. e5 axb5 10. exf6 gxf6 11. Nxb5 b6 12.
Be2 Bc5 13. Qd2 Ba6 14. O-O d5 15. Kh1 Ne7 16. Qc3 Bxe3 17. Nc7+ Kd8 18. Nxa6 d4 19. Qa3 Qa7 20. f5 Nd5 21. fxe6 fxe6 22. c4 Nf4 23. Qd6+ Qd7 24. Qxb6+ Ke7 25. Bf3 Rac8 26. c5 Nd3 27.
c6 Qd6 28. Qb7+ Kd8 29. Qg7 Re8 30.
Rad1 1-0

[Event "IV Elllobregat Open Chess Tmnt"]
[Site "Sant Boi de Llobregat, Spain"]
[Date "2023.12.01"]
[Round "2.13"]
[White "Muradli, Mahammad"]
[Black "Iliaguev, Nisim"]
[Result "1-0"]
[TimeControl "90min/40moves + 15min/end + 30sec from move 1"]
[WhiteFideId "13409301"]
[BlackFideId "2817276"]
[WhiteElo "2550"]
[BlackElo "2409"]

1. Nf3 Nf6 2. c4 e6 3. g3 d5 4. d4 Bb4+ 5. Bd2 Be7 6. Bg2 O-O 7. O-O c6 8. Bf4 Nbd7 9. Qc2 b6 10.
Ne5 Nxe5 11. dxe5 Nd7 12. h4 Bb7 13. Rd1 Qc8 14. Nc3 Rd8 15. cxd5 cxd5 16. Rac1 Nf8 17. Qb3 Qb8 18. h5 h6 19.
Nb5 Nd7 20. Qe3 a6 21. Nd6 Bxd6 22. exd6 e5 23. Bxe5 Nxe5 24. Qxe5 Rxd6 25. Bxd5 Bxd5 26. Rxd5 Re6 27. Qxb8+ Rxb8 28.
e3 Rbe8 29. Rc7 Re5 30. Rdd7 Rxh5 31. Rxf7 Rg5 32. Kg2 Rg6 33. Rfd7 h5 34. Rd4 Re5 35. e4 h4 36. Rd8+ Kh7 37.
Rcc8 Rg4 38. Rh8+ Kg6 39. Rc6+ Kf7 40. Rxb6 Rgxe4 41. Rxh4 1-0

[Event "IV Elllobregat Open Chess Tmnt"]
[Site "Sant Boi de Llobregat, Spain"]
[Date "2023.12.01"]
[Round "2.14"]
[White "Sankalp, Gupta"]
[Black "Levin, Guy"]
[Result "0-1"]
[TimeControl "90min/40moves + 15min/end + 30sec from move 1"]
[WhiteFideId "5097010"]
[BlackFideId "2824213"]
[WhiteElo "2523"]
[BlackElo "2404"]

1. e4 c5 2. Nf3 d6 3. d4 cxd4 4. Qxd4 Nc6 5. Qe3 g6 6. h3 Bg7 7. Nc3 Nf6 8. Bc4 O-O 9. O-O a6 10.
a4 Qc7 11. Qe2 Bd7 12. Rd1 Rac8 13. Be3 Na5 14. Bd3 Be6 15.
Nd4 Nc4 16. Nxe6 fxe6 17. Bxc4 Qxc4 18. Qxc4 Rxc4 19. e5 Ne8 20. exd6 exd6 21. Bd2 d5 22. Rdc1 Nd6 23. Nd1 Ne4 24.
Be1 Bh6 25. Ne3 Bxe3 26. fxe3 Rfc8 27. c3 Nc5 28. Rc2 Rxa4 29. Rxa4 Nxa4 30. Bg3 b5 31. Bd6 a5 32. Rf2 Nb6 33.
b3 Rc6 34. Rf8+ Kg7 35. Rd8 a4 36. bxa4 bxa4 37. Bb4 Kf6 38. Kf2 Kf5 39. Kf3 Rc8 40. Rd6 Nc4 41. Ra6 a3 42. Ke2 e5 43. Kd3 Nb2+ 44. Ke2 Ke4 45.
Bxa3 Rxc3 46. Bf8 Rc2+ 47. Kf1 Nc4 0-1

[Event "IV Elllobregat Open Chess Tmnt"]
[Site "Sant Boi de Llobregat, Spain"]
[Date "2023.12.01"]
[Round "2.15"]
[White "Saydaliev, Saidakbar"]
[Black "Pranav, Anand"]
[Result "1-0"]
[TimeControl "90min/40moves + 15min/end + 30sec from move 1"]
[WhiteFideId "14203693"]
[BlackFideId "46626786"]
[WhiteElo "2426"]
[BlackElo "2520"]

1. e4 c5 2. Nf3 d6 3. d4 cxd4 4. Nxd4 Nf6 5. Nc3 a6 6. Be3 e5 7. Nb3 Be6 8. f3 h5 9. Qd2 Nbd7 10.
Nd5 Bxd5 11. exd5 Qc7 12. c4 g6 13. Na5 Bg7 14. Rc1 e4 15. Be2 exf3 16. gxf3 O-O 17. O-O Rae8 18. b4 Rxe3 19.
Qxe3 Re8 20. Qd2 Qb6+ 21. Kh1 Bh6 22. Qxh6 Rxe2 23. a3 Ne5 24. Qg5 Kg7 25. Rcd1 Ra2 26. Qc1 Qc7 27. f4 Qc8 28.
Rd2 Rxd2 29. Qxd2 Qf5 30. Qe2 Nd3 31. Nxb7 Ne4 32. Qf3 h4 33. c5 Nef2+ 34. Kg2 g5 35. Nxd6 Qg6 36. f5 Qh6 37. Qe3 h3+ 38. Kg1 Qh4 39.
Rxf2 Nxf2 40. Qxf2 Qg4+ 41. Qg3 Qd4+ 42. Kf1 g4 43. Ke2 Qb2+ 44. Ke3 Qc1+ 45. Ke4 Qc2+ 46. Kf4 1-0

[Event "IV Elllobregat Open Chess Tmnt"]
[Site "Sant Boi de Llobregat, Spain"]
[Date "2023.12.01"]
[Round "2.16"]
[White "Pranesh, M"]
[Black "Fiorito, Joaquin"]
[Result "1-0"]
[TimeControl "90min/40moves + 15min/end + 30sec from move 1"]
[WhiteFideId "35028600"]
[BlackFideId "180173"]
[WhiteElo "2519"]
[BlackElo "2398"]

1. e4 c6 2. d4 d5 3. e5 Bf5 4. Nf3 e6 5. Be2 c5 6. O-O Nc6 7. c3 Bg4 8. Nbd2 cxd4 9. cxd4 a5 10.
h3 Bh5 11. Nb1 Bxf3 12. Bxf3 Qb6 13. Be3 a4 14. Nc3 Qxb2 15. Qd3 Qa3 16. Rfb1 Bb4 17. Qb5 Bxc3 18. Qxb7 Nd8 19. Qxa8 Bxa1 20.
Rb8 Qe7 21. Bd2 Nh6 22. Bb4 Qc7 23. Bd6 Qc1+ 24. Kh2 Ng4+ 25. hxg4 1-0

[Event "IV Elllobregat Open Chess Tmnt"]
[Site "Sant Boi de Llobregat, Spain"]
[Date "2023.12.01"]
[Round "2.17"]
[White "Stribuk, Artiom"]
[Black "Lamard, Guillaume"]
[Result "1/2-1/2"]
[TimeControl "90min/40moves + 15min/end + 30sec from move 1"]
[WhiteFideId "13515659"]
[BlackFideId "600261"]
[WhiteElo "2420"]
[BlackElo "2514"]

1. c4 e6 2. g3 Nf6 3. Bg2 d5 4. Nf3 Be7 5. O-O O-O 6. d4 c6 7. b3 b6 8. Bb2 Nbd7 9. Qc2 Bb7 10. Nc3 Ba6 11. Rfd1 Qc8 12. Nd2 b5 13. e4 dxc4 14. bxc4 bxc4 15. Ne2 Rb8 16. Rab1 Nb6 17. a4 c5 18. d5 exd5 19. Bxf6 Bxf6 20. exd5 g6 21. a5 Nd7 22. Nxc4 Rb4 23. Ne3 Rxb1 24. Rxb1 Qc7 25. Nc4 Rb8 26. d6 Rxb1+ 27. Qxb1 Qd8 28. Qe4 Kg7 29. Nf4 Qb8 30. h4 Bxc4 31. Qxc4 Qxd6 32. Bd5 Ne5 33. Qb5 Qc7 34. a6 c4 35. Qb7 Bd8 36. Bxf7 Qxf7 37. Ne6+ Kf6 38. Nxd8 Qxb7 39. axb7 Nd7 40. Nc6 c3 41. Nb4 Ke5 42. Kf1 Kd6 43. Ke2 Kc7 44. Kd3 Nc5+ 45. Kxc3 Ne4+ 46. Kd4 Nxf2 47. Ke3 Nd1+ 48. Kf4 Nf2 49. Kg5 Ne4+ 50. Kh6 Nxg3 51. Kxh7 Nf5 52. Nc6 Kxb7 53. Nxa7 Nxh4 54. Kh6 Kxa7 55. Kg5 Kb7 56. Kxh4 g5+ 1/2-1/2

[Event "IV Elllobregat Open Chess Tmnt"]
[Site "Sant Boi de Llobregat, Spain"]
[Date "2023.12.01"]
[Round "2.18"]
[White "Prraneeth, Vuppala"]
[Black "Molenda, Marcin"]
[Result "1-0"]
[TimeControl "90min/40moves + 15min/end + 30sec from move 1"]
[WhiteFideId "46622373"]
[BlackFideId "1173065"]
[WhiteElo "2512"]
[BlackElo "2387"]

1. d4 Nf6 2. c4 e6 3. Nf3 d5 4. g3 dxc4 5. Bg2 a6 6. Ne5 Bb4+ 7. Nc3 Nd5 8. O-O Nxc3 9. bxc3 Bxc3 10.
Rb1 Bxd4 11. Nxc4 O-O 12. Ba3 Re8 13. e3 Ba7 14. Rxb7 Nd7 15. Rb2 Rb8 16. Rd2 c5 17. Ne5 Qa5 18.
Nxd7 Qxa3 19. Nxb8 Bxb8 20. Rd8 Kf8 21. Bc6 1-0

[Event "IV Elllobregat Open Chess Tmnt"]
[Site "Sant Boi de Llobregat, Spain"]
[Date "2023.12.01"]
[Round "2.19"]
[White "Bharath, Subramaniyam H"]
[Black "Vega Gutierrez, Sabrina"]
[Result "1/2-1/2"]
[TimeControl "90min/40moves + 15min/end + 30sec from move 1"]
[WhiteFideId "46634827"]
[BlackFideId "2219026"]
[WhiteElo "2504"]
[BlackElo "2381"]

1. e4 c5 2. Nf3 Nc6 3. Nc3 Nf6 4. Bb5 Qc7 5. O-O Nd4 6. Re1 a6 7. Bf1 e5 8. Nd5 Nxd5 9. exd5 d6 10.
Nxd4 cxd4 11. c3 dxc3 12. bxc3 Be7 13. d4 O-O 14. dxe5 dxe5 15. c4 Bd7 16. Qb3 b5 17. Bb2 Bd6 18.
cxb5 axb5 19. Bxb5 Rfb8 20. a4 Qb7 21. Rac1 Bxb5 22. axb5 Ra5 23. b6 Qxd5 24. Qg3 Qb7 25. Bd4 exd4 26.
Qxd6 Rd5 27. Qb4 Rdd8 28. Rb1 d3 29. Red1 g6 30. h4 h5 31. Rb2 Qc6 32. Rdb1 Rb7 33. Qd2 Rd6 34. Qe3 d2 35.
Rxd2 Rxb6 36. Rxb6 Qxb6 37. Qe8+ Kg7 38. Qe5+ Rf6 39. g3 Qe6 40. Qd4 Qb6 41. Qe5 Qe6 42. Qd4 Qb6 43. Qe5 1/2-1/2

[Event "IV Elllobregat Open Chess Tmnt"]
[Site "Sant Boi de Llobregat, Spain"]
[Date "2023.12.01"]
[Round "2.20"]
[White "Vetokhin, Savva"]
[Black "Ioannidis, Evgenios"]
[Result "0-1"]
[TimeControl "90min/40moves + 15min/end + 30sec from move 1"]
[WhiteFideId "44144474"]
[BlackFideId "4229274"]
[WhiteElo "2403"]
[BlackElo "2502"]

1. d4 d5 2. c4 c6 3. Nc3 Nf6 4. e3 e6 5. Nf3 Nbd7 6. Be2 dxc4 7. a4 Bd6 8. Nd2 O-O 9. Nxc4 Bc7 10.
b3 Nd5 11. Bb2 a5 12. O-O b5 13. Nxd5 cxd5 14.
Ne5 b4 15. Rc1 Nf6 16. Bd3 Bb7 17. Qe2 Ne4 18. f3 Nf6 19. Rc2 Qd6 20. Rfc1 Rfc8 21. Bb5 Bb6 22. Bc6 Bxc6 23. Rxc6 Rxc6 24.
Rxc6 Qd8 25. Qb5 Rb8 26. Qa6 Ne8 27. Rc1 Ra8 28. Qd3 Nd6 29. Nc6 Qe8 30. Ne5 f6 31. Ng4 Rc8 32. Rxc8 Qxc8 33.
Nf2 Qc6 34. Kf1 Bc7 35. g3 Nf5 36. e4 Nd6 37. Ke2 h5 38. exd5 Qxd5 39. Nd1 Nf5 40. Ne3 Nxe3 41. Kxe3 h4 42.
Kf2 hxg3+ 43. hxg3 Qh5 44. Qc4 Qh2+ 45. Ke3 Qg1+ 46. Ke2 Qg2+ 47. Ke3 Bxg3 48. Qxe6+ Kh7 49. Qf5+ Kh6 50. Bc1 Qg1+ 51.
Ke4+ Qxc1 52. Qh3+ Kg6 53. Qxg3+ Kf7 54. Qh2 Qc6+ 55. d5 f5+ 56. Kxf5 Qxd5+ 57. Kg4 Qe6+ 58. Kg3 Qg6+ 59. Kf2 Qc2+ 60.
Kg3 Qxh2+ 61. Kxh2 Ke6 62. Kg3 Ke5 63. Kg4 Kd4 64. f4 Kc3 0-1

[Event "IV Elllobregat Open Chess Tmnt"]
[Site "Sant Boi de Llobregat, Spain"]
[Date "2023.12.01"]
[Round "2.21"]
[White "Abdisalimov, Abdimalik"]
[Black "Laddha, Shubh Jayesh"]
[Result "1-0"]
[TimeControl "90min/40moves + 15min/end + 30sec from move 1"]
[WhiteFideId "14206323"]
[BlackFideId "30942799"]
[WhiteElo "2496"]
[BlackElo "2373"]

1. Nf3 d5 2. e3 Nf6 3. c4 c6 4. Nc3 e6 5. b3 Bd6 6. Bb2 O-O 7. Qc2 e5 8. d4 Nbd7 9. Be2 e4 10.
Nd2 Re8 11. g4 Nf8 12. g5 Ng4 13. cxd5 cxd5 14. Nxd5 Qxg5 15. Nc7 Nxf2 16. Nxe8 Qh4 17. Rg1 Ng4+ 18. Kd1 Nxe3+ 19. Kc1 Nxc2 20.
Rxg7+ Kh8 21. Rxf7 Ng6 22. Kxc2 Bg4 23. d5+ Kg8 24. Rg7+ Kf8 25. Nxd6 Bxe2 26. Rf7+ Kg8 27. N2xe4 Rc8+ 28.
Kd2 Qh6+ 29. Kxe2 Rc2+ 30. Kd3 Rxb2 31. Nf6+ Kh8 32. Rxh7+ Qxh7 33. Nxh7 Kxh7 34. Nxb7 Rxh2 35. d6 Ne5+ 36.
Kd4 Nd7 37. Re1 Kg6 38. Re7 Nb6 39. Nc5 Rd2+ 40. Nd3 Kf6 41. Rxa7 Ke6 42. Kc3 Rd1 43. Ra6 Nd5+ 44. Kc4 Ne3+ 45.
Kd4 Nf5+ 46. Kc3 Nxd6 47. Nb2 Rc1+ 48. Kd2 1-0

[Event "IV Elllobregat Open Chess Tmnt"]
[Site "Sant Boi de Llobregat, Spain"]
[Date "2023.12.01"]
[Round "2.22"]
[White "Ootes, Lars"]
[Black "Erdogmus, Yagiz Kaan"]
[Result "0-1"]
[TimeControl "90min/40moves + 15min/end + 30sec from move 1"]
[WhiteFideId "1019708"]
[BlackFideId "44599790"]
[WhiteElo "2389"]
[BlackElo "2496"]

1. e4 c5 2. Nf3 d6 3. d4 cxd4 4. Nxd4 Nf6 5. Nc3 a6 6. Bg5 e6 7. f4 h6 8. Bh4 Qb6 9. a3 Nc6 10.
Bf2 Qc7 11. Bd3 Be7 12. Qe2 O-O 13. Nxc6 bxc6 14. g4 e5 15. g5 hxg5 16. fxg5 Bg4 17. gxf6 Bxe2 18. fxe7 Qxe7 19. Nxe2 f5 20.
exf5 e4 21. Bc4+ d5 22. Ba2 Rxf5 23. Be3 Rf3 24. Kd2 Raf8 25. Rag1 Rxe3 26. Kxe3 Qc5+ 27. Kd2 Rf2 28. Re1 a5 29.
h4 Qb5 30. Rh3 Qxb2 31. Bb3 a4 32. Ke3 Rxe2+ 33. Kxe2 axb3 34. Rhh1 bxc2 35. Ke3 Qc3+ 36. Kf4 d4 0-1

[Event "IV Elllobregat Open Chess Tmnt"]
[Site "Sant Boi de Llobregat, Spain"]
[Date "2023.12.01"]
[Round "2.23"]
[White "Raja, Rithvik R"]
[Black "Fiorito, Francisco"]
[Result "1-0"]
[TimeControl "90min/40moves + 15min/end + 30sec from move 1"]
[WhiteFideId "35007394"]
[BlackFideId "180165"]
[WhiteElo "2495"]
[BlackElo "2370"]

1. d4 d5 2. c4 dxc4 3. Nf3 Nf6 4. e3 e6 5. Bxc4 c5 6. O-O a6 7. Nbd2 b5 8. Be2 Bb7 9. a4 b4 10.
Nb3 Nbd7 11. Bd2 Ne4 12. Rc1 cxd4 13. Nfxd4 Rc8 14. Rxc8 Qxc8 15. Be1 Be7 16. f3 Nef6 17. Bg3 Nd5 18.
Qd2 Bg5 19. f4 Bd8 20. Bf3 O-O 21. e4 N5f6 22. e5 Nd5 23. Rc1 Qa8 24. f5 Re8 25. fxe6 fxe6 26. a5 Kh8 27. Rd1 Nf8 28.
Nxe6 Nxe6 29. Bxd5 Bg5 30. Bxb7 Qxb7 31. Qd5 Qa7+ 32. Bf2 Qf7 33. Qc4 Qh5 34. Re1 Bf4 35. h4 Qf5 36. Qe4 Bh2+ 37.
Kxh2 Qxf2 38. Re2 Qf1 39. Nd2 Qd1 40. Nf3 Qa4 41. Rd2 Qxa5 42. Qc6 Qb5 43. Qxb5 axb5 44. Rd5 Rb8 45. Rd6 Nf4 46.
Rd4 Ne6 47. Rxb4 Kg8 48. Kg3 Kf7 49.
Kf2 Ke7 50. Ke3 Nc7 51. Rb3 Rb6 52. Nd4 g6 53. Ke4 b4 54. Rf3 Ra6 55. Rb3 Rb6 56. g4 Kd7 57. Rf3 Ke7 58. g5 Ne8 59.
e6 Nd6+ 60. Kd5 Nf5 61. Rxf5 gxf5 62. Nxf5+ Kd8 63. Ke5 b3 64. Kf6 Ke8 65. h5 Kf8 66. g6 Kg8 67. Ne7+ 1-0

[Event "IV Elllobregat Open Chess Tmnt"]
[Site "Sant Boi de Llobregat, Spain"]
[Date "2023.12.01"]
[Round "2.24"]
[White "Rakhmatullaev, Almas"]
[Black "Madaminov, Mukhiddin"]
[Result "1-0"]
[TimeControl "90min/40moves + 15min/end + 30sec from move 1"]
[WhiteFideId "14205793"]
[BlackFideId "14210703"]
[WhiteElo "2383"]
[BlackElo "2494"]

1. e4 e5 2. Nf3 Nf6 3. Nxe5 d6 4. Nf3 Nxe4 5. d4 d5 6. Bd3 Bd6 7. O-O O-O 8. Re1 Bf5 9. c4 c6 10.
Qb3 Qd7 11. Nh4 Be6 12. Qc2 Na6 13. a3 Rfe8 14. Nd2 Nxd2 15. Bxd2 dxc4 16. Bxh7+ Kh8 17. Bf5 Bxf5 18. Nxf5 Bf8 19.
Re3 g6 20. Rh3+ Kg8 21. Nh6+ Bxh6 22. Rxh6 Re2 23. Bg5 Qe6 24. Qc3 Qf5 25. Qg3 Rae8 26. h3 R8e4 27. f4 Rxd4 28. Re1 Rd3 29.
Qh4 Qc5+ 30. Kh2 Rxg2+ 31. Kxg2 Qd5+ 32. Kg1 Qd4+ 33. Kf1 Nc7 34. Bf6 Rf3+ 35. Kg2 Rf2+ 36. Kg3 1-0

[Event "IV Elllobregat Open Chess Tmnt"]
[Site "Sant Boi de Llobregat, Spain"]
[Date "2023.12.01"]
[Round "2.25"]
[White "Velten, Paul"]
[Black "Van Dael, Siem"]
[Result "1-0"]
[TimeControl "90min/40moves + 15min/end + 30sec from move 1"]
[WhiteFideId "681091"]
[BlackFideId "1049771"]
[WhiteElo "2489"]
[BlackElo "2367"]

1. d4 Nf6 2. c4 g6 3. Nc3 Bg7 4. e4 d6 5. h3 e5 6. d5 Na6 7. Bd3 Nc5 8. Bc2 a5 9. Bg5 h6 10.
Be3 Nh5 11. Nge2 Bf6 12. g4 Nf4 13. Nxf4 exf4 14. Bxf4 h5 15. Rg1 g5 16. Be3 hxg4 17. hxg4 Rh3 18. Qe2 Be5 19. O-O-O Qf6 20. Qd2 Rxe3 21. fxe3 Bd7 22. Rdf1 Qg7 23. Rg2 a4 24. Rgf2 a3 25. Kb1 axb2 26. Ne2 f6 27. Rg1 b5 28. cxb5 Bxb5 29. Nd4 Bc4 30.
Qb4 Rxa2 31. Rfg2 Ra1+ 32. Kxb2 Rxg1 33. Rxg1 Bd3 34. Qb8+ Kf7 35. Bxd3 Nxd3+ 36. Kc2 Nc5 37. Nf5 Qh7 38. Rh1 1-0

[Event "IV Elllobregat Open Chess Tmnt"]
[Site "Sant Boi de Llobregat, Spain"]
[Date "2023.12.01"]
[Round "2.26"]
[White "Begmuratov, Khumoyun"]
[Black "Koellner, Ruben Gideon"]
[Result "0-1"]
[TimeControl "90min/40moves + 15min/end + 30sec from move 1"]
[WhiteFideId "14210207"]
[BlackFideId "12993093"]
[WhiteElo "2371"]
[BlackElo "2488"]

1. e4 e5 2. Nf3 Nc6 3. Bb5 a6 4. Ba4 Nf6 5. O-O Bc5 6. c3 b5 7. Bb3 d6 8. d4 Bb6 9. a4 Bg4 10.
Bg5 Rb8 11. axb5 axb5 12. d5 Ne7 13. Qd3 Ng6 14. Nbd2 h6 15. Be3 Bxe3 16. Qxe3 O-O 17. Ne1 Bd7 18. f3 h5 19. Nd3 h4 20.
Qg5 Qc8 21. Ra7 Ra8 22. Rfa1 Rxa7 23. Rxa7 Qb8 24. Qe3 Nh5 25. Nf1 Ngf4 26. Nxf4 Nxf4 27. Ra1 Qd8 28. g3 Qg5 29. Kf2 hxg3+ 30. hxg3 Nh3+ 31. Ke1 Qg6 32.
Ra7 f5 33. Rxc7 f4 34. Qd2 fxg3 35. Qg2 Ng5 36. Bd1 Nxf3+ 37. Bxf3 Rxf3 38. Qxf3 g2 39. Rxd7 g1=Q 40. Rd8+ Kh7 41.
Qh3+ Qh6 42. Qxh6+ gxh6 43. Rxd6 Qh1 44. Kf2 Qxe4 45. Ne3 Qf4+ 46. Ke2 e4 47. Rd7+ Kg6 0-1

[Event "IV Elllobregat Open Chess Tmnt"]
[Site "Sant Boi de Llobregat, Spain"]
[Date "2023.12.01"]
[Round "2.27"]
[White "Anand, Batsukh"]
[Black "Khademalsharieh, Sarasadat"]
[Result "1/2-1/2"]
[TimeControl "90min/40moves + 15min/end + 30sec from move 1"]
[WhiteFideId "4903510"]
[BlackFideId "12512214"]
[WhiteElo "2369"]
[BlackElo "2481"]

1. Nf3 d5 2. c4 e6 3. cxd5 exd5 4. g3 Nf6 5. Bg2 Be7 6. O-O O-O 7. d3 d4 8. Nbd2 c5 9. Ne5 Nd5 10.
Qb3 Nb6 11. Ndc4 Nxc4 12. Nxc4 Nc6 13. Bf4 Nb4 14. Rac1 a5 15. a4 Ra7 16. Rfe1 Be6 17. Bd2 Re8 18. Qd1 Bf8 19. Na3 Qd7 20.
Nb5 Ra6 21. Bf4 Rc8 22. Na3 f6 23. Nc4 Re8 24. Bf3 Bf7 25. Na3 h5 26. h4 g6 27. Nb5 Rc8 28. Be4 Nd5 29. Qd2 Kh7 30.
e3 dxe3 31. Bxe3 Nxe3 32. Qxe3 Bh6 33. f4 f5 34. Bg2 Re6 35. Qd2 Bg7 36. Rxe6 Bxe6 37. Kh2 b6 38. Re1 Bc4 39. Na3 Bxd3 40.
Rd1 c4 41. b3 Qe7 42. Nxc4 Bxc4 43. bxc4 Rxc4 44. Qd6 Qxd6 45. Rxd6 Rxa4 46. Rxb6 Ra2 47. Rb7 a4 48. Kh3 a3 49.
Ra7 Kh6 50. Bd5 Rd2 51. Bg8 Rd8 52. Be6 Bb2 53. Ba2 Rh8 54. Be6 Bc1 55. Rc7 Bd2 56. Ra7 Bb4 57. Rb7 Bd6 58. Rd7 Bf8 59.
Rf7 Bg7 60. Ra7 Bb2 61. Ba2 Rh7 62. Ra6 Rc7 63. Ra8 Kg7 64. Rg8+ Kh7 65. Ra8 Rc2 66. Ra7+ Kh8 67. Bf7 Rc6 68.
Bd5 Rd6 69. Ba2 Rd2 70. Bf7 Kg7 71. Bc4+ Kf8 72. Ra6 Rc2 73. Bb3 Rc3 74. Ba2 Bc1 75. Rxg6 Bxf4 76. Kg2 Rc2+ 77. Kf3 Be5 78.
Rg5 Ke7 79. Rxf5 Kd6 80. Bg8 a2 81. Bxa2 Rxa2 82. Rxh5 Ra3+ 83. Ke4 Bxg3 84. Rh6+ Ke7 85. h5 Ra5 86. Kf3 Be5 87. Kg4 Bf6 88.
Rh7+ Ke6 89. h6 Ra4+ 90. Kf3 Rh4 91. Kg3 Kf5 92. Ra7 Rxh6 93. Ra5+ Be5+ 94. Kf3 Rh3+ 95. Kg2 Rd3 96. Ra2 Bd4 97.
Rc2 Kg4 98. Kf1 Kf4 99. Ke2 Rh3 100. Kd2 Ke4 101. Ke2 Bc3 102. Kd1 Rh1+ 103. Ke2 Kd4 104. Kf3 Kd3 105. Re2 Bd4 106.
Re8 Rh6 107. Rd8 Rf6 108. Kg4 Ke4 109. Rg8 Rf1 110. Rg6 Be5 111. Rg5 Bf4 112. Rg6 Rf2 113. Re6+ Be5 114. Rg6 Bf6 115.
Kg3 Ke3 116. Kg4 Rf4+ 117. Kg3 Bh4 118. Kg2 Rc4 119. Re6+ Kf4 120. Re2 Kg4 121. Ra2 1/2-1/2

[Event "IV Elllobregat Open Chess Tmnt"]
[Site "Sant Boi de Llobregat, Spain"]
[Date "2023.12.01"]
[Round "2.28"]
[White "Seo, Jung Min"]
[Black "Nazari, Arad"]
[Result "1/2-1/2"]
[TimeControl "90min/40moves + 15min/end + 30sec from move 1"]
[WhiteFideId "1734687"]
[BlackFideId "12577324"]
[WhiteElo "2480"]
[BlackElo "2363"]

1. d4 Nf6 2. c4 g6 3. g3 c6 4. Bg2 d5 5. Qa4 Bg7 6. cxd5 Nxd5 7. Nf3 O-O 8. O-O Bg4 9. Rd1 a5 10. Nc3 Nb4 11. Rd2 Nd7 12. Qd1 Nb6 13. b3 N6d5 14. Nxd5 cxd5 15. Ne5 Bf5 16. a3 Nc6 17. Bb2 Qd6 18. e3 Rfc8 19. Nd3 g5 20. Rc1 e6 21. Rdc2 Qd8 22. Bf1 Ne7 23. g4 Bg6 24. Rxc8 Rxc8 25. Ne5 Bxe5 26. dxe5 Rxc1 27. Qxc1 Qb6 28. Qc3 Nc6 29. Kg2 h6 30. Be2 Bb1 31. h3 Ba2 32. Bd1 Bb1 33. Be2 Ba2 34. Bd1 Bb1 35. Be2 Ba2 36. Bd1 Bb1 37. Be2 1/2-1/2

[Event "IV Elllobregat Open Chess Tmnt"]
[Site "Sant Boi de Llobregat, Spain"]
[Date "2023.12.01"]
[Round "2.29"]
[White "Kamalidenova, Meruert"]
[Black "Sorensen, Hampus"]
[Result "1/2-1/2"]
[TimeControl "90min/40moves + 15min/end + 30sec from move 1"]
[WhiteFideId "13712802"]
[BlackFideId "8703884"]
[WhiteElo "2359"]
[BlackElo "2479"]

1. e4 e5 2. Nf3 Nc6 3. Bb5 a6 4. Ba4 Nf6 5. O-O Be7 6. Bxc6 dxc6 7. Re1 Nd7 8. d4 exd4 9. Qxd4 O-O 10.
Bf4 Nc5 11. Qe3 Bg4 12. Nd4 Re8 13. Nc3 Bd6 14. Bg5 f6 15. Bh4 Ne6 16. Nxe6 Bxe6 17. Rad1 Qd7 18. Bg3 Rad8 19. h3 Qf7 20.
b3 f5 21. e5 Bb4 22. Rxd8 Rxd8 23. Rd1 Rxd1+ 24. Nxd1 Qd7 25. Nb2 Qd2 26. Qxd2 Bxd2 27. Nd3 b6 28. Kf1 c5 29. c4 Bg5 30.
f4 Be7 31. Bf2 Kf7 32. Ke2 Bc8 33. Kd2 Bb7 34. g3 Bg2 35. h4 Bb7 36. Kc3 a5 37. a3 Ke6 38. Ne1 Be4 39. Nc2 Kd7 40.
Ne3 Ke6 41. Be1 Bf3 42. Kb2 Be4 43. Nd1 Bf3 44. Nc3 Bc6 45. Na2 Bf3 46. Bd2 Bf8 47. Be1 Be7 48. Nc3 Bc6 49. Kc2 g6 50.
Kd2 Bf8 51. Ke3 Be7 52. Na2 Bg2 53. Ke2 Be4 54. Kd2 Bg2 55. Kc1 Bf8 56. Kb2 Bf3 57. Bd2 Be7 1/2-1/2

[Event "IV Elllobregat Open Chess Tmnt"]
[Site "Sant Boi de Llobregat, Spain"]
[Date "2023.12.01"]
[Round "2.30"]
[White "Lopez Martinez, Josep Manuel"]
[Black "Suyarov, Mukhammadzokhid"]
[Result "1/2-1/2"]
[TimeControl "90min/40moves + 15min/end + 30sec from move 1"]
[WhiteFideId "2212943"]
[BlackFideId "14210495"]
[WhiteElo "2474"]
[BlackElo "2359"]

1. c4 e5 2. g3 c6 3. d4 e4 4. a3 d5 5. Nc3 h6 6. Bg2 Nf6 7. f3 exf3 8. Nxf3 Be7 9. O-O O-O 10.
Ne5 Be6 11. cxd5 cxd5 12. Nd3 Bd6 13. Bf4 Nc6 14. Bxd6 Qxd6 15. Rxf6 gxf6 16. e3 Ne7 17. Qh5 Kh7 18. Rf1 f5 19.
Nf4 Rg8 20. Ncxd5 Rg5 21. Qf3 Nxd5 22. Nxd5 Qxd5 23. Qxd5 Bxd5 24. Bxd5 Kg7 25. Rc1 f4 26. e4 fxg3 27. Rc7 Rf8 28.
Rxb7 Rc8 29. hxg3 Rxg3+ 30. Kf2 Rd3 31. Ke2 Rxd4 32. Rxf7+ Kg6 33. Rxa7 Rc2+ 34. Ke3 Rd1 35. b4 Kg5 36.
Rg7+ Kf6 37. Rf7+ Kg5 38. Rg7+ Kf6 39. Rf7+ Kg5 40. Rg7+ Kf6 1/2-1/2

[Event "IV Elllobregat Open Chess Tmnt"]
[Site "Sant Boi de Llobregat, Spain"]
[Date "2023.12.01"]
[Round "2.31"]
[White "Wong, Zhenyong Jayden"]
[Black "Gines Esteo, Pedro Antonio"]
[Result "0-1"]
[TimeControl "90min/40moves + 15min/end + 30sec from move 1"]
[WhiteFideId "5821975"]
[BlackFideId "32080190"]
[WhiteElo "2356"]
[BlackElo "2471"]

1. d4 d5 2. c4 c6 3. Nf3 Nf6 4. Nc3 dxc4 5. e4 b5 6. Be2 e6 7. O-O Be7 8. a4 Bb7 9. axb5 cxb5 10. e5 Nd5 11. Nxb5 Nb6 12. Bg5 O-O 13. Nd6 Bxf3 14. Bxe7 Bxe2 15. Bxd8 Bxd1 16. Bxb6 Be2 17. Rfe1 Bd3 18. Bxa7 Nc6 19. Bc5 Rfb8 20. f3 Rxa1 21. Rxa1 Rxb2 22. Rc1 Nb4 23. Bxb4 Rxb4 24. Kf2 g5 25. Ra1 Rb2+ 26. Kg3 c3 27. Ra8+ Kg7 28. Ne8+ Kh6 29. Nf6 c2 30. Ng4+ Kg7 31. Nf6 Bf5 32. Rc8 Rb1 0-1